 Dungeon Crawl Stone Soup version 0.29.0-13-gc9e81de378 (webtiles) character file.

Game seed: 16261242814504117657

16901 ketsa the Destroyer (level 12, 0/86 HPs)
             Began as a Human Conjurer on Sept 8, 2022.
             Was an Elder of Vehumet.
             Shot with a bolt by an orc warrior (1 damage)
             ... led by an orc warlord
             ... on level 12 of the Dungeon on Sept 9, 2022.
             The game lasted 01:37:18 (22645 turns).

ketsa the Destroyer (Human Conjurer)               Turns: 22645, Time: 01:37:18

Health: 0/86       AC:  7    Str:  7    XL:     12   Next: 75%
Magic:  13/22      EV: 18    Int: 23    God:    Vehumet [****..]
Gold:   644        SH:  0    Dex: 13    Spells: 5/25 levels left

rFire   . . .      SeeInvis .   A - +8 club (chaos)
rCold   . . .      Faith    +   (no shield)
rNeg    + . .      Spirit   .   a - +0 robe
rPois   .          Reflect  .   S - +1 hat {Will+}
rElec   .          Harm     .   K - +0 cloak
rCorr   .          Rampage  .   u - +0 pair of gloves
Will    ++...                   I - +1 pair of boots
Stlth   +++.......              M - amulet of faith
HPRegen 0.24/turn               B - +4 ring of evasion
MPRegen 0.18/turn               V - ring "Riojuf" {rN+ Will+}

@: no status effects
A: no striking features
a: Renounce Religion


You were on level 12 of the Dungeon.
You worshipped Vehumet.
Vehumet was greatly pleased with you.
You visited 4 branches of the dungeon, and saw 15 of its levels.
You also visited: Sewer.

You collected 644 gold pieces.

Inventory:

Hand Weapons
 A - a +8 club of chaos (weapon)
 G - a +3 dagger of venom
 J - a +4 scimitar of freezing
 W - a +4 dagger of freezing
Missiles
 s - 17 poisoned darts
 w - 3 throwing nets
 H - 3 curare-tipped darts
 Y - 3 atropa-tipped darts
Armour
 a - a +0 robe (worn)
 f - a scarf of harm
 n - a +0 helmet
 u - a +0 pair of gloves (worn)
 I - a +1 pair of boots (worn)
 K - a +0 cloak (worn)
 S - a +1 hat of willpower (worn)
Magical Staves
 R - a staff of cold
Jewellery
 o - an amulet of the acrobat
 B - a +4 ring of evasion (left hand)
 L - a ring of positive energy
 M - an amulet of faith (around neck)
 T - a ring of fire
 V - the ring "Riojuf" (right hand) {rN+ Will+}
   (You found it on level 10 of the Dungeon)

   [ring of willpower]

   rN:        It protects you from negative energy.
   Will:      It increases your willpower.
Wands
 k - a wand of iceblast (13)
 z - a wand of charming (1)
 F - a wand of acid (18)
 O - a wand of polymorph (4)
 Q - a wand of digging (4)
 X - a wand of mindburst (4)
Scrolls
 d - a scroll of summoning
 j - a scroll of butterflies
 m - a scroll of vulnerability
 p - a scroll of enchant armour
 q - 4 scrolls of teleportation
 t - 2 scrolls of identify
 x - a scroll of magic mapping
 y - a scroll of immolation
 E - a scroll of poison
 P - a scroll of enchant weapon
Potions
 b - 2 potions of heal wounds
 c - 3 potions of curing
 e - 3 potions of mutation
 g - 2 potions of attraction
 h - 6 potions of degeneration
 i - 2 potions of ambrosia
 l - 3 potions of lignification
 r - a potion of flight
 v - 2 potions of resistance
 C - 6 potions of might
 D - a potion of brilliance
 U - 3 potions of berserk rage


   Skills:
 - Level 5.2 Fighting
 - Level 5.8 Dodging
 - Level 6.8 Stealth
 + Level 7.1 Spellcasting
 + Level 12.5 Conjurations
 - Level 7.5 Hexes
 + Level 4.4 Translocations
 + Level 4.5 Fire Magic
 + Level 3.1 Evocations


You had 5 spell levels left.
You knew the following spells:

 Your Spells              Type           Power      Damage    Failure   Level
a - Magic Dart            Conj           100%       1d8       1%          1
b - Searing Ray           Conj           100%       2d8       1%          2
c - Dazzling Flash        Conj/Hex       100%       N/A       1%          3
d - Fulminant Prism       Conj/Hex       26%        3d14      1%          4
e - Tukima's Dance        Hex            43%        N/A       1%          3
f - Conjure Flame         Conj/Fire      47%        6-21      1%          3
g - Iskenderun's Mystic   Conj/Tloc      47%        2d10      1%          4

Your spell library contained the following spells:

 Spells                   Type           Power      Damage    Failure   Level
 Airstrike                Air            4%         2d(1-17)  19%         4
 Ensorcelled Hibernation  Hex/Ice        50%        N/A       2%          2
 Passwall                 Tmut/Erth      6%         N/A       12%         2
 Passage of Golubria      Tloc           28%        N/A       12%         4
 Yara's Violent Unravell  Hex/Tmut       12%        3d7       12%         5
 Swiftness                Air            8%         N/A       22%         3
 Corpse Rot               Necr/Pois/Air  8%         N/A       58%         4
 Dispel Undead            Necr           8%         3d8       58%         4
 Death Channel            Necr           4%         N/A       100%        6


Dungeon Overview and Level Annotations

Branches:
Dungeon (12/15)            Temple (1/1) D:5            Lair (1/5) D:9
    Orc (1/2) D:12          Sewer (visited)

Altars:
Ashenzari
Cheibriados
Dithmenos
Elyvilon
Fedhas
Gozag
Hepliaklqana
Kikubaaqudgha
Makhleb
Nemelex Xobeh
Okawaru
Qazlal
Ru
Sif Muna
Trog
Uskayaw
Vehumet
Wu Jian
Xom
Yredelemnul
Zin
The Shining One

Shops:
D:5 [

Annotations:
D:10 exclusion: downstairs
D:11 exclusion: downstairs


Message History

Okay, then.
Casting: Searing Ray (safe; 1% risk of failure)
Confirm with . or Enter, or press ? or * to list all spells.
Aiming: Fulminant Prism (safe; 1% risk of failure)
Press: ? - help, Dir - move target You conjure a prism of explosive energy!
A fulminant prism comes into view.
The orc warrior shoots a bolt.
The bolt barely misses you.
Your fulminant prism crackles loudly.
The orc warrior shoots a bolt.
The bolt hits you! The bolt freezes you.
Your fulminant prism explodes!
The blast of energy engulfs the orc warrior!
The orc warrior is severely wounded.
You hear an angry buzzing noise.
Casting: Fulminant Prism (safe; 1% risk of failure)
Confirm with . or Enter, or press ? or * to list all spells.
You don't know that spell.
The orc warrior shoots a bolt.
The bolt hits you!!
* * * LOW HITPOINT WARNING * * *
The bolt freezes you.
* * * LOW HITPOINT WARNING * * *
You see here a +0 club.
Casting: Fulminant Prism (safe; 1% risk of failure)
Confirm with . or Enter, or press ? or * to list all spells.
Aiming: Searing Ray (safe; 1% risk of failure)
Press: ? - help, Shift-Dir - straight line, f - orc warrior
Aim: an orc warrior, wielding a +0 arbalest of freezing and wearing a +0 plate armour (severely wounded, 83% to hit)
The searing ray hits the orc warrior but does no damage.
The orc warrior is severely wounded. (Press . to maintain the ray.)
The orc warrior shoots a bolt.
The bolt hits you!
* * * LOW HITPOINT WARNING * * *
The bolt freezes you.
* * * LOW HITPOINT WARNING * * *
The searing ray hits the orc warrior.
The orc warrior is severely wounded.
The orc warrior shoots a bolt.
The bolt hits you!
* * * LOW HITPOINT WARNING * * *
The bolt freezes you.
You die...

#..###.#
#.......#
#..#.###
#.......#
#..#.###
####...##
#..[.#)## #..##
#..#..#.# #..#
#..#.).## #..#
#..#....########
#.##..[[.#8#...#
#......@...☼o>.#
....#.....#8#...#
.........########
##.##...#. #.
#..#### ....
..#.. ..###


You could see an orc warrior.

Vanquished Creatures
  Gastronok (D:8)
  A hydra (Lair:1)
  2 two-headed ogres
  An ugly thing (D:11)
  A manticore (D:11)
  A black mamba (Lair:1)
  Maurice (D:8)
  3 cane toads (Lair:1)
  A kobold demonologist (D:12)
  6 komodo dragons
  An unseen horror (D:11)
  2 trolls (D:10)
  A hornet (D:11)
  A merfolk (D:10)
  2 blink frogs (Lair:1)
  A wraith (D:10)
  A wyvern (D:9)
  22 yaks
  3 steam dragons
  Duvessa (D:3)
  An acid dragon (D:12)
  2 water moccasins
  2 ice beasts (D:7)
  A sky beast (D:6)
  2 black bears
  2 orc warriors
  An ogre (D:5)
  2 centaurs
  5 kobold brigands
  2 bullfrogs (D:8)
  4 scorpions
  A gnoll sergeant (D:8)
  2 necrophages
  17 wights
  Dowan (D:4)
  7 killer bees
  3 jellies
  2 electric eels (D:8)
  4 howler monkeys
  2 hounds
  Crazy Yiuf (D:3)
  4 orc priests
  Ijyb (D:4)
  3 iguanas
  Terence (D:2)
  8 orc wizards
  Robin (D:2)
  4 adders
  9 gnolls (D:8)
  3 white imps
  An ufetubus (D:5)
  4 worms
  5 dart slugs
  33 orcs
  13 bats
  9 endoplasms
  5 giant cockroaches
  15 goblins
  8 hobgoblins
  4 jackals (D:2)
  24 kobolds
  3 quokkas
  9 ball pythons
  3 frilled lizards
  8 rats
295 creatures vanquished.

Vanquished Creatures (others)
  144 fulminant prisms
  A fungus (Lair:1)
  5 plants
150 creatures vanquished.

Grand Total: 445 creatures vanquished

Notes
Turn   | Place    | Note
-------+----------+-------------------------------------------
     0 | D:1      | ketsa the Human Conjurer began the quest for the Orb.
     0 | D:1      | Reached XP level 1. HP: 13/13 MP: 3/3
   218 | D:1      | Reached XP level 2. HP: 19/19 MP: 0/5
   725 | D:1      | Reached XP level 3. HP: 24/24 MP: 0/6
  1239 | D:2      | Noticed Terence
  1507 | D:2      | Noticed Robin
  1557 | D:1      | Learned a level 2 spell: Searing Ray
  1561 | D:2      | Killed Robin
  1720 | D:2      | Found a faded altar of an unknown god.
  1781 | D:2      | Reached XP level 4. HP: 30/30 MP: 2/7
  1807 | D:2      | Reached skill level 5 in Conjurations
  2779 | D:3      | Learned a level 3 spell: Dazzling Flash
  2904 | D:3      | Reached XP level 5. HP: 20/35 MP: 0/9
  3196 | D:3      | Identified the +1 plate armour of Wiblubiequ {rElec rPois
                  | rF+}
  3304 | D:3      | Found a runed translucent door.
  3305 | D:3      | Noticed Crazy Yiuf
  3598 | D:3      | Reached skill level 1 in Hexes
  3845 | D:3      | Reached XP level 6. HP: 41/41 MP: 5/10
  3890 | D:3      | Found a burning altar of Makhleb.
  3890 | D:3      | Noticed a blizzard demon
  3893 | D:3      | Noticed a neqoxec
  3893 | D:3      | Noticed a ynoxinul
  4122 | D:4      | Reached skill level 6 in Conjurations
  4193 | D:4      | Found a glowing silver altar of Zin.
  4276 | D:4      | Learned a level 4 spell: Fulminant Prism
  4292 | D:4      | Noticed Ijyb
  4305 | D:4      | Killed Ijyb
  4399 | D:4      | Noticed a black bear
  4793 | D:4      | Noticed Dowan
  5286 | D:4      | Noticed Duvessa
  5365 | D:4      | Found a sparkling altar of Nemelex Xobeh.
  5484 | D:5      | Entered Level 5 of the Dungeon
  5608 | D:5      | Noticed a black bear
  5612 | D:5      | Killed a black bear
  5661 | D:5      | Found a staircase to the Ecumenical Temple.
  5669 | Temple   | Entered the Ecumenical Temple
  5742 | Temple   | Became a worshipper of Vehumet
  5807 | D:5      | Noticed an ogre
  5814 | D:5      | Killed an ogre
  5815 | D:5      | Reached XP level 7. HP: 21/46 MP: 2/12
  6189 | D:5      | Found a glowing golden altar of the Shining One.
  6284 | D:5      | Found a sacrificial altar of Ru.
  6416 | D:5      | Reached skill level 7 in Conjurations
  6529 | D:4      | Killed Dowan
  6588 | D:5      | Reached XP level 8. HP: 36/52 MP: 5/14
  6838 | D:5      | Found Wotiraf's Armour Shop.
  7444 | D:6      | Found a glowing drain.
  7496 | Sewer    | Entered a sewer
  7562 | Sewer    | Reached * piety under Vehumet
  7562 | Sewer    | Offered knowledge of Freeze by Vehumet.
  7565 | Sewer    | Reached skill level 8 in Conjurations
  8513 | D:6      | Offered knowledge of Poisonous Vapours by Vehumet.
  8514 | D:6      | Reached skill level 5 in Spellcasting
  8613 | D:6      | Reached ** piety under Vehumet
  8797 | D:6      | Reached XP level 9. HP: 43/57 MP: 2/16
  9441 | D:6      | Found a basalt altar of Yredelemnul.
  9441 | D:6      | Found a shimmering blue altar of Sif Muna.
  9569 | D:6      | Reached skill level 9 in Conjurations
  9801 | D:2      | Killed Terence
  9917 | D:4      | HP: 1/57 [Duvessa/+0 short sword (15)]
 10440 | D:7      | Reached skill level 5 in Hexes
 11448 | D:8      | Noticed Maurice
 11936 | D:8      | Reached skill level 10 in Conjurations
 12213 | D:8      | Killed Maurice
 12214 | D:8      | Reached XP level 10. HP: 63/63 MP: 2/18
 12506 | D:8      | Found an ornate altar of the Wu Jian Council.
 12509 | D:8      | Found a stormy altar of Qazlal.
 12611 | D:8      | Noticed Gastronok
 12612 | D:8      | Found a shimmering altar of Xom.
 12630 | D:8      | Offered knowledge of Inner Flame by Vehumet.
 13489 | D:8      | Identified the +1 pair of boots of Transparent the Good
                  | {-Tele Str+4 Int+3 Slay+5}
 14035 | D:8      | Killed Gastronok
 14036 | D:8      | Reached skill level 11 in Conjurations
 14285 | D:9      | Reached *** piety under Vehumet
 14524 | D:9      | Noticed a komodo dragon
 14552 | D:9      | Killed a komodo dragon
 15082 | D:9      | Noticed a two-headed ogre
 15088 | D:9      | Killed a two-headed ogre
 15089 | D:9      | Reached XP level 11. HP: 75/75 MP: 11/19
 15519 | D:9      | Offered knowledge of Conjure Flame by Vehumet.
 15610 | D:9      | Learned a level 3 spell: Tukima's Dance
 15849 | D:9      | Reached skill level 5 in Stealth
 15980 | D:9      | Learned a level 3 spell: Conjure Flame
 15986 | D:9      | Learned a level 4 spell: Iskenderun's Mystic Blast
 16263 | D:9      | Reached skill level 5 in Dodging
 16460 | D:9      | Found a staircase to the Lair.
 16510 | Lair:1   | Entered Level 1 of the Lair of Beasts
 16521 | Lair:1   | Reached skill level 1 in Translocations
 16521 | Lair:1   | Reached skill level 1 in Fire Magic
 16869 | D:10     | Entered Level 10 of the Dungeon
 17064 | D:10     | Identified the ring "Riojuf" {rN+ Will+}
 17202 | D:10     | Reached **** piety under Vehumet
 17643 | D:10     | Offered knowledge of Airstrike by Vehumet.
 17758 | D:10     | Found a hide-covered altar of Uskayaw.
 17758 | D:10     | Found a blossoming altar of Fedhas.
 18153 | D:11     | Reached skill level 5 in Fighting
 18153 | D:11     | Reached skill level 12 in Conjurations
 18291 | D:11     | Noticed a manticore
 18773 | D:11     | Reached XP level 12. HP: 71/86 MP: 16/21
 19562 | D:3      | Killed Crazy Yiuf
 19637 | D:3      | Killed Duvessa
 20520 | Lair:1   | Noticed a five-headed hydra
 20551 | Lair:1   | Killed a five-headed hydra
 20552 | Lair:1   | Reached skill level 1 in Evocations
 21455 | D:11     | Found a bloodstained altar of Trog.
 22170 | D:12     | Noticed a two-headed ogre
 22244 | D:12     | Killed a two-headed ogre
 22625 | D:12     | Found a staircase to the Orcish Mines.
 22633 | Orc:1    | Entered Level 1 of the Orcish Mines
 22633 | Orc:1    | Noticed an orc warlord
 22645 | D:12     | HP: 1/86 [orc warrior/bolt[an orc warlord] (11)]
 22645 | D:12     | Shot with a bolt by an orc warrior

Illustrated notes

Levels and vault maps discovered:
D:1:      lightli_arrival_flooded_house, layout_basic, dk_noncrumbling_3
D:2:      layout_loops_ring, basic_ecumenical_altar, minmay_misc_feat_plants,
          corexii_leaking_fountain, serial_park_tiny_pond, uniq_robin,
          uniq_terence
D:3:      layout_basic, makhleb_altar_promises_db, uniq_crazy_yiuf_cottage
D:4:      layout_basic, lemuel_doored_altar, nemelex_spade_bored_becter,
          uniq_duvessa, uniq_ijyb
D:5:      layout_gridville, nicolae_ru_great_annihilating_truth,
          old_standard_altar, minmay_temple_entry_crystal_x, serial_shops,
          nicolae_stop_n_shop_1
D:6:      layout_basic, gammafunk_temple_overflow_statue, portal_sewer_entry_f,
          nicolae_figureground_sparkle
D:7:      layout_basic, nicolae_ossuary_entry_false_entrances
D:8:      layout_loops_ring, nicolae_overflow_squiral, xom_teletrap_fun,
          enter_bailey_5, uniq_gastronok, uniq_maurice
D:9:      layout_basic, erik_lair_dragon, dk_rats_in_the_wall
D:10:     layout_roguey, nicolae_overflow_hidden_temple, hangedman_fish_farm
D:11:     layout_irregular_city, tgw_trog
D:12:     layout_loops_ring, hiddenorc1_lemuel, gauntlet_entry_generic
Temple:   eino_temple_lava
Lair:1:   layout_cave_pods, wad_woods_03, grunt_megastairs_4
Orc:1:    layout_diamond_mine, uniq_erolcha

Skill      XL: |  1  2  3  4  5  6  7  8  9 10 11 12 |
---------------+-------------------------------------+-----
Conjurations   | 5 6 7 8 10 11 12 | 12.5
Spellcasting   | 3 4 5 6 7 |  7.1
Hexes          | 1 2 3 4 6 7 |  7.5
Fighting       | 3 5 |  5.2
Dodging        | 4 5 |  5.8
Stealth        | 4 6 |  6.8
Translocations | 2 4 |  4.4
Fire Magic     | 2 4 |  4.5
Evocations     | 3 |  3.1

Action                   |  1- 3 |  4- 6 |  7- 9 | 10-12 || total
-------------------------+-------+-------+-------+-------++-------
Melee: Dagger            |       |     1 |       |       ||     1
 Cast: Magic Dart        |    62 |    84 |    96 |    99 ||   341
       Searing Ray       |     1 |    19 |    54 |    56 ||   130
       Fulminant Prism   |       |       |    21 |   123 ||   144
       Dazzling Flash    |       |       |     2 |       ||     2
       Conjure Flame     |       |       |       |    17 ||    17
       Iskenderun's Myst |       |       |       |     8 ||     8
Evoke: Wand              |       |       |     1 |     2 ||     3
  Use: Scroll            |       |     8 |     7 |    12 ||    27
       Potion            |       |     2 |     3 |     3 ||     8
Armor: Robe              |       |     2 |    11 |    14 ||    27
Dodge: Dodged            |    15 |    12 |    40 |    96 ||   163
